[Event "*** Titled Tuesday Blitz"]
[Site "Chess.com"]
[Date "2020.02.04"]
[Round "1"]
[White "Poghosyan_Suren"]
[Black "guillembaches"]
[Result "0-1"]
[WhiteElo "2662"]
[BlackElo "2375"]
[TimeControl "180+2"]
[EndTime "13:11:53 PST"]
[Termination "guillembaches won by resignation"]

1. Nf3 d5 2. g3 Nf6 3. Bg2 e6 4. c4 dxc4 5. Qa4+ Nbd7 6. Qxc4 a6 7. a4 c5 8. O-O Bd6 9. a5 O-O 10. Nc3 Qc7 11. Qh4 Rb8 12. d3 Re8 13. Ng5 h6 14. Nge4 Nxe4 15. Nxe4 Be7 16. Qh5 Nf6 17. Nxf6+ Bxf6 18. Be4 Bd7 19. Bf4 e5 20. Be3 Bc6 21.
Bxc6 Qxc6 22. Rfc1 b6 23. axb6 Qxb6 24. Rxc5 Qxb2 25.
Rxa6 Qb1+ 26. Kg2 Qb7+ 27. Rac6 Re6 28. Qf3 e4 29. Qxe4 Rxe4 30. dxe4 Re8 31. f3 Qb3 32. Bf2 Qd1 33. Rc2 Bd4 34. Rc8 Bxf2 35. Rxe8+ Kh7 36. Kxf2 Qxc2 37. Rd8 Qc5+ 38. Kg2 Qe3 39. Kf1 h5 40. Rd3 Qc5 41. h4 g5 42. hxg5 Qxg5 43.
f4 Qg4 44. Rf3 Qe6 45. e5 Qg4 46. Kf2 Kg6 47. e4 Qh3 48. f5+ Kg7 49. Rf4 Qh2+ 50. Kf3 Qd2 51. Rh4 Qd3+ 52. Kf2 Qd4+ 53. Kf3 Qxe5 54. Rxh5 Qd4 55. Rh4 Qd3+ 56. Kf2 Kf6 57. Rf4 Ke5 58. Kg2 f6 59. Kf2 Qd2+ 60. Kf3 Qe1 61. Kg2 Qe2+ 62. Kh3 Qe1 63. Kg4 Qh1 64. Rf2 Qh6 65. Kf3 Qh5+ 66. Ke3 Qg5+ 67. Kf3 Qh5+ 68. Ke3 Qh3 69. Kf3 Qh1+ 70. Kg4 Kxe4 71. Re2+ Kd5 72.
Re6 Qh6 73. Kf3 Qh5+ 74. g4 Qh3+ 75. Kf4 Qh2+ 76. Kf3 Qb2 77. g5 fxg5 78. Kg4 Qg2+ 79. Kh5 g4 80. Rg6 g3 81. Kh4 Qh2+ 82. Kg4 g2 83.
Kf3 g1=Q 0-1

[Event "*** Titled Tuesday Blitz"]
[Site "Chess.com"]
[Date "2020.02.04"]
[Round "1"]
[White "Megagigahiper3345"]
[Black "1random"]
[Result "1/2-1/2"]
[WhiteElo "2324"]
[BlackElo "2637"]
[TimeControl "180+2"]
[EndTime "13:12:12 PST"]
[Termination "Game drawn by repetition"]

1. d4 d5 2. c4 e6 3. Nc3 Nf6 4. Nf3 Be7 5. Bf4 O-O 6. e3 Nbd7 7. c5 Ne4 8. Nxe4 dxe4 9. Nd2 Nf6 10. Bc4 b6 11. b4 a5 12. a3 Bb7 13. O-O Nd5 14. Bg3 axb4 15. Bxd5 exd5 16. axb4 Ba6 17. Re1 Qd7 18. Qb3 bxc5 19. bxc5 c6 20. Reb1 Bd3 21. Rc1 h5 22. h3 h4 23. Bh2 g5 24. Qd1 Kg7 25.
Rxa8 Rxa8 26. Ra1 Rxa1 27. Qxa1 g4 28. hxg4 Qxg4 29. Qe1 h3 30. Bg3 hxg2 31. Kxg2 Be2 32. Qh1 Bd8 33. Qh3 Ba5 34. Qxg4+ Bxg4 35. Nf1 Bf3+ 36. Kg1 Kf6 37. Nh2 Be2 38. Kg2 Kf5 39. Bd6 Bd8 40. Bg3 Bf6 41. Kh3 Bf3 42. Bh4 Bg7 43.
Kg3 Be2 44. Bd8 Bh6 45. Bh4 Bf8 46. Kh3 Ke6 47. Bg5 f5 48. Bf4 Be7 49. Kg3 Kd7 50.
Kg2 Kc8 51. Kg3 Kb7 52. Bd6 Bd8 53. Kf4 Bh4 54. Kxf5 Bxf2 55. Bf4 Kc8 56. Ke6 Bh4 57. Kd6 Kb7 58. Kd7 Bf6 59. Ke6 Bd8 60. Kd7 Ba5 61. Ke6 Bd2 62. Kf5 Ka6 63. Ke6 Kb5 64. Kd6 Ba5 65.
Be5 Be1 66. Bf4 Bd2 67. Kc7 Bc1 68. Kd6 Bd1 69. Kd7 Ba4 70. Ng4 Kc4 71. Ne5+ Kc3 72. Kd6 Kd2 73. Nxc6 Ke2 74. Ne5 Bxe3 75. Bxe3 Kxe3 76. Kxd5 Kf4 77. Ng6+ Kf3 78. Ke5 e3 79. Nf4 Bc6 80. Nh3 Kg3 81. Nf4 Kf3 82. Nd3 Bb5 83.
Nf4 Bc6 1/2-1/2

[Event "*** Titled Tuesday Blitz"]
[Site "Chess.com"]
[Date "2020.02.04"]
[Round "1"]
[White "KhazarBabazada"]
[Black "SlavenPastar"]
[Result "1/2-1/2"]
[WhiteElo "2897"]
[BlackElo "2487"]
[TimeControl "180+2"]
[EndTime "13:13:37 PST"]
[Termination "Game drawn by agreement"]

1. e4 b6 2. d4 Bb7 3. Nc3 e6 4. Nf3 Bb4 5. Bd3 Nf6 6. Qe2 d5 7. e5 Ne4 8. Bd2 Nxd2 9. Qxd2 c5 10. a3 Ba5 11. O-O O-O 12. Qf4 Bxc3 13. bxc3 Ba6 14. Rad1 h6 15. h4 Bxd3 16. Rxd3 Nc6 17. dxc5 bxc5 18.
c4 d4 19. c3 Qa5 20. cxd4 cxd4 21. Nxd4 Qxe5 22. Qxe5 Nxe5 23. Rc3 Rfd8 24. Re1 Rxd4 25. Rxe5 Rc8 26. c5 Rxh4 27. c6 Kf8 28. Rb5 Rd4 29. Rb7 Rd6 30. c7 Ke8 31. Rxa7 Rd7 32. a4 Rd1+ 33. Kh2 Kd7 34. a5 Rd6 35. a6 Rc6 36.
Rd3+ Rd6 37. Rc3 Rc6 38. Rd3+ Rd6 39. Rf3 f6 40. Rg3 g5 41. Ra3 Rc6 42. Rb7 R6xc7 43. Rb6 Ra8 44. Rd3+ Ke7 45. Rdd6 Rca7 46. Rxe6+ Kd7 47.
Rxf6 h5 48. Rh6 h4 49. Rbg6 Ke7 50. Kh3 Kf7 51. Kg4 Rg8 52. Rh7+ Kxg6 53. Rxa7 Rf8 54. f3 Rf4+ 55. Kh3 Ra4 56. Kh2 Kh6 57. Kg1 Ra2 58.
Kf1 Kg6 59. Ra8 Kg7 60. a7 Kh7 61. Ke1 Kg7 62. Kd1 Kh7 63. Kc1 Kg7 64. Kb1 Ra6 65. Kb2 Ra5 66. Kc3 Ra1 67. Kd4 Ra5 68. Ke4 Kh7 69. Kd4 Kg7 70. Kc4 Kh7 71. Kb4 Ra1 72. Kc5 Ra5+ 73. Kd6 Kg7 74. Kc6 Ra1 75. Kc5 Kh7 76. Kd6 Kg7 77. Ke6 Ra5 78. Kd7 Kh7 79. Ke7 Kg7 80. Ke6 Ra6+ 81. Kf5 Ra5+ 82. Kg4 Kh7 83.
f4 gxf4 84. Kxf4 Ra4+ 85. Kg5 Kg7 86. Kh5 Kh7 87. Kg5 h3 88. gxh3 Kg7 89. h4 Kh7 90.
Kf5 Ra5+ 91. Ke6 Ra6+ 92. Kd5 Ra1 93. Kc4 Kg7 94. h5 Kh7 95. Kb5 Rb1+ 96. Kc4 Rc1+ 97.
Kd3 Ra1 98. Kc2 Ra6 99. Kb2 Ra5 100. Kb3 Ra6 101. h6 Ra1 102. Kc2 Ra6 103. Kd3 Ra1 104. Ke4 Ra4+ 105. Kf3 Ra3+ 106. Kg4 Ra4+ 107. Kg5 Ra5+ 108. Kf6 Ra6+ 109. Ke7 Ra1 110. Kd8 Rd1+ 111. Ke8 Re1+ 112. Kd8 Rd1+ 113. Kc7 Rc1+ 114. Kb6 Rb1+ 115. Kc5 Rc1+ 116. Kb4 Rb1+ 117. Ka3 Ra1+ 118. Kb4 Ra2 1/2-1/2

[Event "*** Titled Tuesday Blitz"]
[Site "Chess.com"]
[Date "2020.02.04"]
[Round "1"]
[White "DortmundCity"]
[Black "TheBigBoss04"]
[Result "1/2-1/2"]
[WhiteElo "2369"]
[BlackElo "2680"]
[TimeControl "180+2"]
[EndTime "13:15:41 PST"]
[Termination "Game drawn - insufficient material"]

1. e4 c5 2. Nf3 d6 3. d4 cxd4 4. Nxd4 Nf6 5. Nc3 Bd7 6. Bg5 e5 7. Nb3 Be6 8. Qd2 Nbd7 9. f3 a6 10. O-O-O b5 11. Kb1 Be7 12. g4 h6 13. Be3 Nb6 14.
h4 b4 15. Nd5 Nbxd5 16. exd5 Nxd5 17. Bf2 O-O 18. Bd3 a5 19. g5 hxg5 20. hxg5 g6 21.
Be3 Kg7 22. Rh7+ Kg8 23. Rdh1 f5 24. Rh8+ Kf7 25. R1h7+ Ke8 26. Bb5+ Qd7 27. Bxd7+ Kxd7 28. Rxf8 Rxf8 29. Nxa5 Ra8 30. Nc4 Nc3+ 31. bxc3 Bxc4 32. cxb4 Bxa2+ 33. Kb2 Bc4 34. Bc5 Ra6 35. Bf2 Ra2+ 36. Kb1 Ra3 37. Bc5 Ra6 38. f4 Ke6 39. Rxe7+ Kxe7 40. fxe5 dxc5 41. bxc5 Be6 42. Qb4 Rc6 43. Kc1 Bd5 44. Kd2 Ke6 45. Qd4 Ra6 46. c4 Be4 47.
Qd8 Kxe5 48. Qb8+ Kd4 49. Qd8+ Kxc4 50. Ke3 Kxc5 51. Kf4 Rd6 52. Qc7+ Bc6 53. Ke5 Rd5+ 54. Ke6 f4 55. Qxf4 Bd7+ 56. Ke7 Bf5 57. Qc1+ Kd4 58.
Kf6 Rd6+ 59. Ke7 Re6+ 60. Kf7 Re3 61. Qd2+ Ke4 62. Kf6 Kf3 63. Qd5+ Be4 64. Qd6 Rd3 65. Qh2 Bf5 66. Qh1+ Kf4 67. Qh2+ Rg3 68. Qf2+ Kg4 69. Qd4+ Kh3 70. Qf4 Bd3 71. Kg7 Bf5 72. Kh6 Kg2 73. Qd2+ Kf3 74. Qd1+ Kf4 75. Qe1 Rh3+ 76. Kg7 Kxg5 77.
Qg1+ Kf4 78. Kf6 Rf3 79. Qc1+ Kg3 80. Kg5 Kg2 81. Qd2+ Rf2 82. Qe3 Bc2 83. Kh4 Kf1 84. Kg3 Rg2+ 85. Kf3 Bd1+ 86. Kf4 Rf2+ 87. Kg5 Rg2+ 88.
Kf6 Bh5 89. Qc1+ Kf2 90. Qd2+ Kg1 91. Qe3+ Rf2+ 92. Kg5 Kg2 93. Kh4 Rf3 94. Qe2+ Rf2 95. Qe4+ Bf3 96. Qxg6+ Kf1 97. Qb1+ Kg2 98. Kg5 Re2 99. Qa1 Rf2 100. Qd4 Be2 101. Kh4 Bf3 102. Qf4 Be2 103. Qg3+ Kf1 104. Qe3 Rg2 105. Kh3 Rg1 106. Qc1+ Kf2 107. Qf4+ Bf3 108. Qd2+ Kf1 109. Qd3+ Kf2 110. Qd4+ Kf1 111. Qf4 Kf2 112. Qd2+ Be2 113. Kh2 Rg2+ 114. Kh1 Rg4 115. Qh6 Rg1+ 116. Kh2 Rg2+ 117. Kh3 Bf1 118. Qd2+ Kf3 119.
Qxg2+ Bxg2+ 1/2-1/2

[Event "*** Titled Tuesday Blitz"]
[Site "Chess.com"]
[Date "2020.02.04"]
[Round "1"]
[White "GM_dmitrij"]
[Black "Kira170"]
[Result "0-1"]
[WhiteElo "2915"]
[BlackElo "2511"]
[TimeControl "180+2"]
[EndTime "13:16:03 PST"]
[Termination "Kira170 won by checkmate"]

1. e4 e6 2. d4 d5 3. Nd2 Nc6 4.
Ngf3 Nf6 5. e5 Nd7 6. Nb3 a5 7. a4 Be7 8. c3 f6 9. Bd3 fxe5 10. dxe5 Ndxe5 11. Nxe5 Nxe5 12. Qh5+ Nf7 13. O-O g6 14. Qe2 O-O 15. f4 Nd6 16. Be3 b6 17. Bd4 c5 18.
Be5 c4 19. Nd4 cxd3 20. Qxd3 Ba6 21. Nb5 Bxb5 22. axb5 Qd7 23. Rae1 Qxb5 24. Qh3 Nf5 25. g4 Bc5+ 26. Kh1 Ne7 27. Qh6 Rf7 28. f5 Qc6 29. h4 exf5 30. gxf5 d4+ 31. Kh2 Bd6 32.
fxg6 Bxe5+ 33. Rxe5 Qxg6 34. Rg1 Rf2+ 35. Kh1 Rf1 36. Rg5 Raf8 37. h5 Rxg1+ 38. Rxg1 Qxg1+ 39. Kxg1 dxc3 40. bxc3 Rf5 41. Qe6+ Kf8 42. h6 Rg5+ 43. Kf2 Rg6 44. Qe3 Kf7 45. c4 Rf6+ 46. Kg2 Nf5 47. Qe5 Nxh6 48. Qc7+ Kg6 49. Qg3+ Kf7 50. Qc7+ Kg8 51.
Qd8+ Kg7 52. Qd4 Nf7 53. Kg3 h6 54. Kg4 Kg6 55. Qe4+ Kg7 56. Qd4 Ng5 57. Kh5 Nf7 58. Qb2 Nd8 59. Qg2+ Kh7 60. Qe4+ Kg7 61. Qg2+ Kh7 62.
Qb2 Rd6 63. Qc2+ Kg7 64. Qg2+ Kh7 65. Qe4+ Kg7 66. Qe5+ Rf6 67. Qg3+ Kh7 68. Qc3 Kg7 69. Qg3+ Kh7 70. Qe5 Kg7 71. c5 bxc5 72. Qxc5 Nf7 73. Qxa5 Nd6 74. Qa1 Nf7 75. Qg1+ Kh7 76. Qd4 Kg7 77.
Qc3 Nd6 78. Qg3+ Kh7 79. Qd3+ Kg7 80. Qc2 Nf7 81. Qc7 Rf5+ 82. Kg4 Rf6 83. Qe7 Rg6+ 84.
Kh5 Rf6 85. Qa7 Rf5+ 86. Kg4 Rf6 87. Kh4 Rf4+ 88. Kg3 Rf6 89. Qa1 Nd6 90. Kh3 Nf7 91.
Qd4 Ng5+ 92. Kg4 Nf7 93. Qc3 Nd6 94. Qc7+ Nf7 95. Qb7 Rg6+ 96. Kf3 Rf6+ 97. Ke4 Re6+ 98. Kd5 Rf6 99. Qb2 Nd6 100. Qa1 Nf7 101. Qb1 Rg6 102. Qb2+ Rf6 103. Qa1 Kg6 104. Qg1+ Ng5 105. Qg4 Rf5+ 106. Kc6 h5 107. Qg3 Rf3 108. Qe1 Rf4 109. Qb1+ Re4 110. Kd5 h4 111. Qd1 h3 112. Qh1 Kf5 113. Qf1+ Kg4 114. Qd1+ Kf4 115. Qc1+ Kg4 116. Qc8+ Kg3 117. Qc3+ Kf4 118. Qf6+ Kg4 119. Qh6 Rf4 120. Qh8 Rf2 121. Qc8+ Kg3 122. Qg8 Rf5+ 123. Kd4 h2 124. Qb8+ Kg2 125. Qb2+ Rf2 126. Qb7+ Nf3+ 127. Ke3 h1=Q 128. Qg7+ Kf1 129. Qa1+ Ne1 130. Qa6+ Kg1 131. Qg6+ Qg2 132. Qb6 Qf3+ 133. Kd4 Qd3+ 134. Ke5 Kg2 135. Ke6 Re2+ 136. Kf7 Qf3+ 137. Kg6 Re4 138. Qb2+ Kh3 139. Qh8+ Rh4 140. Qb2 Rg4+ 141. Kh5 Qf5+ 142. Kh6 Qg6# 0-1

[Event "*** Titled Tuesday Blitz"]
[Site "Chess.com"]
[Date "2020.02.04"]
[Round "2"]
[White "DanielDardha2005"]
[Black "KhazarBabazada"]
[Result "1-0"]
[WhiteElo "2576"]
[BlackElo "2883"]
[TimeControl "180+2"]
[EndTime "13:17:55 PST"]
[Termination "DanielDardha2005 won by resignation"]

1. Nf3 Nf6 2. g3 g6 3. Bg2 Bg7 4. b3 O-O 5. Bb2 d5 6. O-O c5 7. e3 Nc6 8. Ne5 Qc7 9. Nxc6 bxc6 10. Nc3 a5 11. Na4 Nd7 12. Bxg7 Kxg7 13. c4 e6 14. Rc1 Bb7 15. cxd5 cxd5 16. Nxc5 Nxc5 17. d4 Rac8 18. Rxc5 Qb6 19. Qc2 1-0

[Event "*** Titled Tuesday Blitz"]
[Site "Chess.com"]
[Date "2020.02.04"]
[Round "2"]
[White "friesnielsen2302"]
[Black "Valk4"]
[Result "1-0"]
[WhiteElo "2507"]
[BlackElo "2267"]
[TimeControl "180+2"]
[EndTime "13:18:44 PST"]
[Termination "friesnielsen2302 won by resignation"]

1. d4 Nf6 2. Nc3 d5 3. Bf4 e6 4. e3 Bd6 5. Bd3 O-O 6. Nf3 Nbd7 7. O-O b6 8. Ne5 Bb7 9. Qf3 Qe7 10. Qh3 Rfe8 11. Nxd7 Nxd7 12. Qxh7+ 1-0

[Event "*** Titled Tuesday Blitz"]
[Site "Chess.com"]
[Date "2020.02.04"]
[Round "2"]
[White "joshdaruca"]
[Black "parmupill123"]
[Result "1-0"]
[WhiteElo "2693"]
[BlackElo "2377"]
[TimeControl "180+2"]
[EndTime "13:19:17 PST"]
[Termination "joshdaruca won by resignation"]

1. e4 e6 2. d4 d5 3. Nc3 Bb4 4. e5 c5 5. a3 Bxc3+ 6. bxc3 Qc7 7. Qg4 f6 8. Bb5+ Kf8 9. Nf3 c4 10. a4 f5 11. Ba3+ Ne7 12. Qh5 g6 13. Qh6+ Kg8 14. h4 a6 15. Qg5 Kf7 16. Qf6+ 1-0

[Event "*** Titled Tuesday Blitz"]
[Site "Chess.com"]
[Date "2020.02.04"]
[Round "2"]
[White "Playgood28"]
[Black "albi1999"]
[Result "0-1"]
[WhiteElo "2264"]
[BlackElo "2501"]
[TimeControl "180+2"]
[EndTime "13:19:19 PST"]
[Termination "albi1999 won by resignation"]

1. d4 Nf6 2. c4 e6 3. Nc3 Bb4 4. Qc2 O-O 5. a3 Bxc3+ 6. Qxc3 b6 7. e3 Bb7 8. Nf3 d6 9. Be2 Nbd7 10. b4 Re8 11.
Bb2 e5 12. dxe5 dxe5 13. O-O Qe7 14. Rfd1 Rad8 15. Nxe5 Nxe5 16. Rxd8 Qxd8 17. Rd1 Qc8 18. c5 h6 19. Bb5 Qg4 0-1

[Event "*** Titled Tuesday Blitz"]
[Site "Chess.com"]
[Date "2020.02.04"]
[Round "2"]
[White "ChEsper99"]
[Black "Sven_Tica"]
[Result "0-1"]
[WhiteElo "2020"]
[BlackElo "2646"]
[TimeControl "180+2"]
[EndTime "13:19:27 PST"]
[Termination "Sven_Tica won by resignation"]

1. e4 c5 2. Nf3 Nf6 3. Nc3 d5 4. exd5 Nxd5 5. Bb5+ Bd7 6. Bxd7+ Qxd7 7. Nxd5 Qxd5 8. d4 Nc6 9. Be3 cxd4 10. O-O Rd8 11.
Bf4 e6 12. Qe2 Be7 13. Rad1 O-O 14. a3 Bf6 15. Rd3 e5 0-1

[Event "*** Titled Tuesday Blitz"]
[Site "Chess.com"]
[Date "2020.02.04"]
[Round "2"]
[White "x-3738459472"]
[Black "jefferyx"]
[Result "0-1"]
[WhiteElo "2612"]
[BlackElo "2931"]
[TimeControl "180+2"]
[EndTime "13:19:51 PST"]
[Termination "jefferyx won by resignation"]

1. d4 d5 2. Bf4 Nf6 3. e3 Bf5 4. c4 e6 5. Nc3 Bb4 6. Bd3 O-O 7. Ne2 dxc4 8. Bxc4 c5 9. O-O Nc6 10. a3 Bxc3 11. bxc3 Na5 12. Bd3 Rc8 13. Bxf5 exf5 14. Ng3 Qd7 15. Qd3 g6 16. Rfd1 Rfe8 17. Bg5 Ne4 18.
Nxe4 fxe4 19. Qe2 Qd5 20. dxc5 Qxg5 21. Qb5 Qxc5 0-1

[Event "*** Titled Tuesday Blitz"]
[Site "Chess.com"]
[Date "2020.02.04"]
[Round "2"]
[White "LogoCzar"]
[Black "EugeneRougon"]
[Result "0-1"]
[WhiteElo "2512"]
[BlackElo "2739"]
[TimeControl "180+2"]
[EndTime "13:19:52 PST"]
[Termination "EugeneRougon won by checkmate"]

1. e4 e6 2. d4 d5 3. Nc3 Bb4 4.
e5 c5 5. a3 Bxc3+ 6. bxc3 Ne7 7. Qg4 cxd4 8. Qxg7 Rg8 9. Qxh7 Qc7 10.
Qd3 dxc3 11. Nf3 Nbc6 12. Be3 Nxe5 13. Qh7 Bd7 14. h4 O-O-O 15. Nxe5 Qxe5 16. Qxf7 Nf5 17. Qh5 d4 18. g4 dxe3 19. gxf5 exf2+ 20. Kxf2 Qg3+ 21. Ke2 Bb5# 0-1

[Event "*** Titled Tuesday Blitz"]
[Site "Chess.com"]
[Date "2020.02.04"]
[Round "2"]
[White "Grandelicious"]
[Black "mishanick"]
[Result "1-0"]
[WhiteElo "2651"]
[BlackElo "2997"]
[TimeControl "180+2"]
[EndTime "13:20:05 PST"]
[Termination "Grandelicious won by resignation"]

1. Nf3 d5 2. g3 Nf6 3. Bg2 g6 4. c4 Bg7 5. cxd5 Nxd5 6. Nc3 O-O 7. O-O c5 8. Nxd5 Qxd5 9. d4 cxd4 10. Be3 d3 11. Ne1 Qb5 12. Nxd3 Nc6 13. a4 Qh5 14. Rc1 Bg4 15. Re1 Rfd8 16. Rc5 e5 17. Qb3 Rab8 18. Bd5 Qf5 19. f3 Bh3 20. Nf2 h5 21. Nxh3 Qxh3 22. Bxf7+ Kh7 23. Be6 Nd4 24. Bxd4 1-0

[Event "*** Titled Tuesday Blitz"]
[Site "Chess.com"]
[Date "2020.02.04"]
[Round "2"]
[White "David_Paravyan"]
[Black "nurgyulsalimova"]
[Result "1-0"]
[WhiteElo "2860"]
[BlackElo "2573"]
[TimeControl "180+2"]
[EndTime "13:20:38 PST"]
[Termination "David_Paravyan won by resignation"]

1. e4 e5 2. Nf3 Nc6 3. Bb5 a6 4.
Ba4 g6 5. d4 exd4 6. Nxd4 Bg7 7.
Nxc6 bxc6 8. O-O Ne7 9. f4 d5 10. f5 f6 11. fxg6 hxg6 12. exd5 O-O 13. dxc6 Qxd1 14. Rxd1 Bg4 15. Re1 Rfe8 16. Nc3 g5 17. Be3 Rab8 18. Bc5 Ng6 19. Bb3+ Kh7 20. Nd5 Rxe1+ 21.
Rxe1 Rb5 22. Bd4 1-0

[Event "*** Titled Tuesday Blitz"]
[Site "Chess.com"]
[Date "2020.02.04"]
[Round "2"]
[White "FredddieCroderg"]
[Black "Gahan-MG"]
[Result "0-1"]
[WhiteElo "2104"]
[BlackElo "2433"]
[TimeControl "180+2"]
[EndTime "13:20:46 PST"]
[Termination "Gahan-MG won by checkmate"]

1. d4 Nf6 2. c4 e5 3. dxe5 Ng4 4. Bf4 g5 5. Bg3 Bg7 6. Nf3 Nc6 7. h4 Ngxe5 8. Nxe5 Nxe5 9. e3 g4 10. Nc3 d6 11.
Be2 h5 12. Rc1 Be6 13. b3 Qd7 14. Nd5 O-O-O 15. a3 Kb8 16. b4 Ng6 17. Qd2 Be5 18.
O-O c6 19. Nc3 Qe7 20. b5 c5 21. f4 gxf3 22. Rxf3 Bg4 23. Bf2 Bxf3 24. Bxf3 Nxh4 25. Bd5 Rhg8 26. Be1 Qg5 27. Rc2 Nf5 28. Bf2 h4 29. Ne4 Qg4 30. Qa5 Qxg2# 0-1

[Event "*** Titled Tuesday Blitz"]
[Site "Chess.com"]
[Date "2020.02.04"]
[Round "2"]
[White "GadimbayliA"]
[Black "Joshukid"]
[Result "1-0"]
[WhiteElo "2910"]
[BlackElo "2601"]
[TimeControl "180+2"]
[EndTime "13:20:48 PST"]
[Termination "GadimbayliA won by resignation"]

1. e4 c6 2. Nf3 d5 3. exd5 cxd5 4. d4 Nc6 5. Ne5 Nf6 6. c3 e6 7. Nd2 Bd6 8. f4 O-O 9. Bd3 Qc7 10. O-O Nd7 11.
Qf3 f6 12. Bxh7+ Kxh7 13. Qh3+ Kg8 14. Qxe6+ Kh7 15. Rf3 g6 16. Nxg6 Nde5 17. Nxf8+ Bxf8 18. Rh3+ Bh6 19. Rxh6+ Kxh6 20. Qxf6+ 1-0

[Event "*** Titled Tuesday Blitz"]
[Site "Chess.com"]
[Date "2020.02.04"]
[Round "2"]
[White "Dynamikus"]
[Black "IMDT02"]
[Result "1-0"]
[WhiteElo "2778"]
[BlackElo "2533"]
[TimeControl "180+2"]
[EndTime "13:20:56 PST"]
[Termination "Dynamikus won by resignation"]

1. Nf3 Nf6 2. c4 e6 3. Nc3 d5 4. d4 Be7 5. Bg5 O-O 6. e3 Nbd7 7. Qc2 h6 8. Bf4 c6 9. g4 dxc4 10. g5 hxg5 11. Nxg5 Nb6 12. Rg1 Nbd5 13. Be5 g6 14.
Bxc4 Nxc3 15. bxc3 Kg7 16. Bxe6 Bd6 17. Nxf7 1-0

[Event "*** Titled Tuesday Blitz"]
[Site "Chess.com"]
[Date "2020.02.04"]
[Round "2"]
[White "Jahonas"]
[Black "GM_dmitrij"]
[Result "0-1"]
[WhiteElo "2395"]
[BlackElo "2916"]
[TimeControl "180+2"]
[EndTime "13:20:56 PST"]
[Termination "GM_dmitrij won by resignation"]

1. d4 Nf6 2. Nf3 e6 3. c3 d5 4. Bf4 c5 5. e3 Nc6 6. Nbd2 cxd4 7. exd4 Nh5 8. Bg3 Bd6 9. Bd3 Nf4 10. Bxf4 Bxf4 11. g3 Bd6 12. Kf1 O-O 13. Kg2 f6 14. b4 e5 15. b5 Ne7 16. dxe5 fxe5 17. Ng5 Nf5 18. h4 h6 19. Nh3 e4 20. Be2 Bxg3 21.
Nxe4 Bxf2 22. Kxf2 Qxh4+ 23. Kg1 Qxe4 24. Qd3 Qe5 25.
Rf1 Be6 26. Nf4 Ne3 27. Rf3 Qg5+ 28. Kf2 Ng4+ 0-1

[Event "*** Titled Tuesday Blitz"]
[Site "Chess.com"]
[Date "2020.02.04"]
[Round "2"]
[White "WeAintSurePal"]
[Black "albano87"]
[Result "0-1"]
[WhiteElo "2388"]
[BlackElo "1904"]
[TimeControl "180+2"]
[EndTime "13:21:01 PST"]
[Termination "albano87 won by resignation"]

1. d4 Nf6 2. c4 e6 3. Nf3 b6 4.
g3 Ba6 5. Qc2 d5 6. Nbd2 c6 7. Bg2 Bd6 8. O-O O-O 9. b3 Nbd7 10.
Bb2 Rc8 11. e4 dxe4 12. Nxe4 Nxe4 13. Qxe4 Nf6 14. Qe2 Qc7 15. Rad1 Rfe8 16. Rfe1 c5 17. dxc5 Bxc5 18. Be5 Qe7 19. Ng5 h6 20. Ne4 Nxe4 21. Bxe4 Bb7 22. Bb1 Bb4 23. Rf1 Rcd8 24. Qc2 f5 25.
Qe2 Bd6 26. Rfe1 Bxe5 27. Qxe5 Qf6 28. Qc7 Bf3 29. Rd7 Rxd7 30. Qxd7 Re7 31. Qd8+ Kh7 32.
Bxf5+ Qxf5 33. Qxe7 Qh3 0-1

[Event "*** Titled Tuesday Blitz"]
[Site "Chess.com"]
[Date "2020.02.04"]
[Round "2"]
[White "cmpassgall"]
[Black "LuckIsMySkill"]
[Result "1-0"]
[WhiteElo "2548"]
[BlackElo "2753"]
[TimeControl "180+2"]
[EndTime "13:21:15 PST"]
[Termination "cmpassgall won by resignation"]

1. Nf3 c5 2. c4 Nc6 3. d4 cxd4 4. Nxd4 Nf6 5. Nc3 e6 6. g3 d5 7. Bg2 Bc5 8. Nb3 Bb4 9. cxd5 Nxd5 10. a3 Nxc3 11.
Qxd8+ Kxd8 12. axb4 Nb5 13. O-O f6 14. Rd1+ Kc7 15.
Be3 Rd8 16. Rxd8 Nxd8 17. Rc1+ Kd6 18. Bc5+ Kd7 19. Rd1+ Ke8 20. Be4 g6 21. Bd3 Bd7 22. Nd2 b6 23. Ne4 Kf7 24. Bxb5 Bxb5 25. Nd6+ Ke7 26.
Nxb5+ bxc5 27. bxc5 Rb8 28. Nxa7 Rb7 29. Nc8+ 1-0

[Event "*** Titled Tuesday Blitz"]
[Site "Chess.com"]
[Date "2020.02.04"]
[Round "2"]
[White "wolfje95"]
[Black "biostatistician"]
[Result "0-1"]
[WhiteElo "2382"]
[BlackElo "2700"]
[TimeControl "180+2"]
[EndTime "13:21:28 PST"]
[Termination "biostatistician won by resignation"]

1. e4 e6 2. d4 d5 3. Nc3 Nc6 4. e5 f6 5. exf6 Nxf6 6. Nf3 Bd6 7. Bb5 O-O 8. O-O Bd7 9. Re1 Qe8 10. Bxc6 Bxc6 11. Ne5 Ne4 12. Nxe4 dxe4 13. Qg4 Bxe5 14. dxe5 Rf5 15. Bf4 Qf7 16. Bg3 Rf8 17. Rad1 h5 18. Qe2 g5 19. h4 Qg6 20. Rd2 Kh7 21. hxg5 Rxg5 22. Qf1 Rg8 23. Kh1 h4 24. Bxh4 Rh5 25. g3 e3+ 0-1

[Event "*** Titled Tuesday Blitz"]
[Site "Chess.com"]
[Date "2020.02.04"]
[Round "2"]
[White "francyIM"]
[Black "sergiochess83"]
[Result "0-1"]
[WhiteElo "2607"]
[BlackElo "2916"]
[TimeControl "180+2"]
[EndTime "13:21:31 PST"]
[Termination "sergiochess83 won by resignation"]

1. d4 Nf6 2. c4 e6 3. Nc3 Bb4 4. f3 d5 5. a3 Be7 6. Nh3 c5 7. cxd5 exd5 8. Nf2 cxd4 9. Qxd4 Nc6 10. Qd1 d4 11. Nce4 Nd5 12. Nd3 O-O 13. g3 f5 14.
Nef2 Be6 15. Nf4 Bf7 16. N2d3 Ne3 17. Bxe3 dxe3 18. h4 Nd4 19. Bh3 Bb3 20. Qc1 Rc8 21. Qb1 Nc2+ 22. Kf1 Nxa1 23. Qxa1 Bd6 24. Kg2 Rc2 25.
Rc1 Qc7 26. Rxc2 Qxc2 27. Qe1 Qd2 28. Kf1 g6 29. g4 0-1

[Event "*** Titled Tuesday Blitz"]
[Site "Chess.com"]
[Date "2020.02.04"]
[Round "2"]
[White "bait_or_mate"]
[Black "Gordima"]
[Result "0-1"]
[WhiteElo "2539"]
[BlackElo "2808"]
[TimeControl "180+2"]
[EndTime "13:22:02 PST"]
[Termination "Gordima won by resignation"]

1. d4 d5 2. c4 e6 3. Nf3 Nf6 4. g3 Bb4+ 5. Bd2 Be7 6. Bg2 O-O 7. O-O c6 8. Qc2 a5 9. Rd1 b5 10. cxb5 cxb5 11. Nc3 b4 12. Na4 Ba6 13. Bf1 Nbd7 14. Rac1 Rc8 15. Qb1 Bb5 16. b3 Bd6 17. Bf4 Bxf4 18.
gxf4 Bxa4 19. bxa4 Nb6 20. Qb3 Qd7 21. Rc5 Rxc5 22. dxc5 Nxa4 23. Ne5 Qe8 24. c6 Nc3 25. Rc1 Nfe4 26. a3 f6 27. Nd7 Qg6+ 28. Bg2 Nxe2+ 29. Kf1 Nd2+ 30. Kxe2 Nxb3 0-1

[Event "*** Titled Tuesday Blitz"]
[Site "Chess.com"]
[Date "2020.02.04"]
[Round "2"]
[White "isla88"]
[Black "vovachesss"]
[Result "0-1"]
[WhiteElo "2329"]
[BlackElo "2564"]
[TimeControl "180+2"]
[EndTime "13:22:05 PST"]
[Termination "vovachesss won by resignation"]

1. c4 e5 2. Nc3 Nc6 3. Nf3 Bb4 4. Qc2 Nf6 5. e3 O-O 6. Nd5 Be7 7. a3 Re8 8. Bd3 g6 9. h4 d6 10. Nxe7+ Qxe7 11.
Be2 Bg4 12. d3 e4 13. dxe4 Nxe4 14. Nd2 Nxf2 15. O-O Nh3+ 16. gxh3 Qxe3+ 17. Rf2 Nd4 0-1

[Event "*** Titled Tuesday Blitz"]
[Site "Chess.com"]
[Date "2020.02.04"]
[Round "2"]
[White "FairChess_on_YouTube"]
[Black "vladimirdamjanovic"]
[Result "1-0"]
[WhiteElo "3025"]
[BlackElo "2630"]
[TimeControl "180+2"]
[EndTime "13:22:09 PST"]
[Termination "FairChess_on_YouTube won by resignation"]

1. e4 c6 2. d4 d5 3. Nc3 dxe4 4. Nxe4 Bf5 5. Ng3 Bg6 6. h4 h6 7. Nf3 Nd7 8. h5 Bh7 9. Bd3 Bxd3 10. Qxd3 e6 11.
Bf4 Qa5+ 12. Bd2 Bb4 13. c3 Be7 14. O-O Ngf6 15. Rfe1 O-O 16. a4 Bd6 17. b4 Qc7 18. Ne4 Nxh5 19. c4 Nhf6 20. b5 Nxe4 21. Rxe4 c5 22.
Bxh6 gxh6 23. Rg4+ Kh8 24. Qe3 Bf4 25. Rxf4 Rg8 26.
Rxf7 Rg6 27. Ne5 Rf6 28. Rxd7 1-0

[Event "*** Titled Tuesday Blitz"]
[Site "Chess.com"]
[Date "2020.02.04"]
[Round "2"]
[White "BeanScreen"]
[Black "arjwezhrtdrz"]
[Result "1-0"]
[WhiteElo "2562"]
[BlackElo "2249"]
[TimeControl "180+2"]
[EndTime "13:22:11 PST"]
[Termination "BeanScreen won by checkmate"]

1. e4 d5 2. exd5 Qxd5 3. Nc3 Qd8 4. d4 Nf6 5. Bc4 e6 6. Nf3 c6 7. O-O Nbd7 8. Re1 Be7 9. Bf4 Nb6 10. Bb3 Nbd5 11. Nxd5 Nxd5 12. Bg3 O-O 13. c4 Nf6 14. Qe2 Bd6 15. Rad1 Bxg3 16. hxg3 Qc7 17. Ne5 b6 18. g4 Bb7 19. Bc2 Rad8 20. g5 Ne8 21. Bxh7+ Kxh7 22. Qh5+ Kg8 23. Re3 g6 24. Qh4 f5 25. Nxg6 Rf7 26. Qh8# 1-0